 Dungeon Sprint DCSS version 0.31.0-9-g3a7656b989 (webtiles) character file.

Game seed: 1952533528397730748

5237 boopmooplesden the Fencer (level 10, -2/157 HPs)
             Began as a Minotaur Fighter on Jan 24, 2024.
             Was the Champion of Trog.
             Slain by a yak (3 damage)
             ... in the Dungeon (Sprint VII: "The Pits").
             The game lasted 00:04:00 (1320 turns).

boopmooplesden the Fencer (Minotaur Fighter)        Turns: 1320, Time: 00:04:00

Health: -2/157     AC: 18    Str: 22    XL:     10   Next: 35%
Magic:  9/9        EV:  8    Int:  5    God:    Trog [******]
Gold:   0          SH:  0    Dex: 13    Spells: 9/9 levels left

rFire   . . .        w - +8 quick blade (heavy)
rCold   . . .        (no shield)
rNeg    . . .        o - +2 plate armour
rPois   .            (helmet restricted)
rElec   .            (no cloak)
rCorr   .            (no gloves)
SInv    .            (no boots)
Will    .....        (no amulet) Stlth
                     (no ring)
HPRegen 0.46/turn    (no ring)
MPRegen 0.11/turn

%: no teleportation
@: berserking (expiring), lethally poisoned (-2 -> -12), spiked, slowed
A: horns 2, retaliatory headbutt
a: Renounce Religion, Berserk, Trog's Hand, Brothers in Arms


You were in the Dungeon.
You worshipped Trog.
Trog was exalted by your worship.
You visited 1 branch

Inventory:

Hand Weapons
 a - a +0 long sword
 p - a +2 long sword of flaming
 t - a +2 scimitar of holy wrath
 v - a +2 antimagic triple sword
 w - a +8 heavy quick blade (weapon)
Armour
 b - a +0 scale mail
 c - a +0 buckler
 o - a +2 plate armour (worn)
 u - a +2 kite shield
Jewellery
 q - a +3 ring of strength
 r - a +3 ring of dexterity
Scrolls
 j - a scroll of blinking
 l - 2 scrolls of vulnerability
 m - 5 scrolls of amnesia
 n - a scroll of summoning
Potions
 d - 4 potions of might
 e - 7 potions of curing
 f - 6 potions of heal wounds
 g - a potion of haste
 h - 4 potions of magic
 i - 3 potions of berserk rage
 k - 2 potions of invisibility
 s - 2 potions of mutation


   Skills:
 + Level 15.0 Fighting
 + Level 1.2(9.3) Short Blades
 + Level 15.5 Long Blades
 + Level 14.8 Armour
 + Level 2.7 Dodging
 + Level 14.7 Shields


You had 9 spell levels left.
You didn't know any spells.
Your spell library was empty.

Dungeon Overview and Level Annotations

Branches:
Dungeon (1/1)

Altars:
Cheibriados
Dithmenos
Elyvilon
Fedhas
Gozag
Hepliaklqana
Makhleb
Nemelex Xobeh
Okawaru
Qazlal
Ru
Sif Muna
Trog
Vehumet
Wu Jian
Xom
Yredelemnul
Zin
The Shining One
Jiyva
Lugonu


Innate Abilities, Weirdness & Mutations

You have a pair of horns on your head.
You reflexively headbutt those who attack you in melee.


Message History

You feel a strong urge to attack something.
* * * LOW HITPOINT WARNING * * *
You feel very sick.
A yak comes into view.
The wraith hits you.
* * * LOW HITPOINT WARNING * * *
The wraith drains your vigour!
You feel yourself slow down.
The deep elf pyromancer barely misses you.
There is an open door, spattered with blood here.
You see here a komodo dragon corpse.
You hit the wraith. You hit the wraith but do no damage.
Your headbutt misses the wraith.
The wraith is lightly damaged.
* * * LOW HITPOINT WARNING * * *
You feel extremely sick.
The deep elf pyromancer completely misses you.
A yak comes into view.
The wraith hits you but does no damage.
You barely miss the wraith. You headbutt the wraith!! You puncture the wraith!
The wraith is almost destroyed.
* * * LOW HITPOINT WARNING * * *
You feel very sick. The wraith hits you but does no damage.
The deep elf pyromancer barely misses you.
The yak gores you but does no damage.
You barely miss the wraith. You closely miss the wraith.
The wraith is almost destroyed.
* * * LOW HITPOINT WARNING * * *
You feel very sick. The wraith closely misses you. You furiously retaliate!
You headbutt the wraith!
You destroy the wraith!
Trog accepts your kill.
The deep elf pyromancer barely misses you.
The yak gores you but does no damage.
A sky beast comes into view.
The deep elf pyromancer completely misses you.
You furiously retaliate!
You headbutt the deep elf pyromancer. The yak gores you.
You die...

.............+
.............+
...#..#......#
.............#
'#####''#####
....##''################
....##..#.......YYYY...#
....##..##.....wYe.Y...Y
<...##..#### #@#
....##..#..#####)##
....##..#....##...#
....##..'.)...#...#
######..)))...))..+
######..')...)#)..#
..[[##..#....##...#
..[[##..#..#####.## +##
..))##..####...#)######...#


You could see a deep elf pyromancer, 6 yaks, a sky beast (wandering) and a dart
slug.

Vanquished Creatures
  2 orc high priests (D)
  A sea snake (D)
  An orc sorcerer (D)
  A cyclops (D)
  An elephant (D)
  A molten gargoyle (D)
  A komodo dragon (D)
  A red devil (D)
  Grinder (D)
  A wraith (D)
  3 vampire mosquitoes (D)
  An acid dragon (D)
  A water moccasin (D)
  2 laughing skulls (D)
  4 wolves (D)
  A gnoll sergeant (D)
  A scorpion (D)
  A jelly (D)
  An orc priest (D)
  A gnoll bouda (D)
  An iguana (D)
  An orc wizard (D)
  9 gnolls (D)
  A river rat (D)
  2 ufetubi (D)
  2 dart slugs (D)
  4 orcs (D)
  2 bats (D)
  An endoplasm (D)
  2 jackals (D)
  2 quokkas (D)
  A frilled lizard (D)
  A kobold (D)
56 creatures vanquished.

Vanquished Creatures (collateral kills)
  A wolf (D)
1 creature vanquished.

Vanquished Creatures (others)
  An orc (D)
1 creature vanquished.

Grand Total: 58 creatures vanquished

Notes
Turn   | Place    | Note
-------+----------+-------------------------------------------
     0 | D        | boopmooplesden the Minotaur Fighter began the quest for the
                  | Orb.
     0 | D        | Reached XP level 1. HP: 19/19 MP: 0/0
     8 | D        | Noticed a scorpion
    12 | D        | Killed a scorpion
    13 | D        | Reached XP level 2. HP: 30/30 MP: 1/1
    13 | D        | Reached XP level 3. HP: 37/37 MP: 2/2
    37 | D        | Found a bloodstained altar of Trog.
    37 | D        | Found a shimmering blue altar of Sif Muna.
    37 | D        | Found a viscous altar of Jiyva.
    37 | D        | Found a hazy altar of Hepliaklqana.
    37 | D        | Found an opulent altar of Gozag.
    38 | D        | Found a glowing golden altar of the Shining One.
    38 | D        | Found a glowing silver altar of Zin.
    38 | D        | Found a basalt altar of Yredelemnul.
    38 | D        | Found a shimmering altar of Xom.
    38 | D        | Found an ornate altar of the Wu Jian Council.
    38 | D        | Found a sacrificial altar of Ru.
    38 | D        | Found a stormy altar of Qazlal.
    38 | D        | Found an iron altar of Okawaru.
    38 | D        | Found a sparkling altar of Nemelex Xobeh.
    38 | D        | Found a burning altar of Makhleb.
    38 | D        | Found a blossoming altar of Fedhas.
    38 | D        | Found a white marble altar of Elyvilon.
    38 | D        | Found a shadowy altar of Dithmenos.
    38 | D        | Found a snail-covered altar of Cheibriados.
    40 | D        | Found a corrupted altar of Lugonu.
    40 | D        | Found a radiant altar of Vehumet.
    41 | D        | Became a worshipper of Trog the Wrathful
    53 | D        | Reached XP level 4. HP: 45/45 MP: 3/3
    58 | D        | Reached * piety under Trog
    65 | D        | Reached ** piety under Trog
    85 | D        | Reached *** piety under Trog
   152 | D        | Noticed a water moccasin
   153 | D        | Noticed Grinder
   162 | D        | Killed a water moccasin
   163 | D        | Reached skill level 5 in Long Blades
   163 | D        | Reached XP level 5. HP: 55/55 MP: 4/4
   168 | D        | Killed Grinder
   169 | D        | Reached skill level 10 in Fighting
   169 | D        | Reached skill level 1 in Dodging
   169 | D        | Reached XP level 6. HP: 66/66 MP: 5/5
   171 | D        | Reached **** piety under Trog
   214 | D        | Noticed an acid dragon
   219 | D        | Killed an acid dragon
   220 | D        | Reached skill level 10 in Armour
   220 | D        | Reached XP level 7. HP: 55/73 MP: 6/6
   275 | D        | Reached ***** piety under Trog
   455 | D        | Noticed a cyclops
   455 | D        | Noticed a molten gargoyle
   463 | D        | Killed a molten gargoyle
   464 | D        | Reached skill level 10 in Long Blades
   464 | D        | Reached skill level 10 in Shields
   468 | D        | Killed a cyclops
   469 | D        | Reached XP level 8. HP: 83/83 MP: 7/7
   599 | D        | Received a gift from Trog
   599 | D        | Reached ****** piety under Trog
   659 | D        | Noticed an elephant
   659 | D        | Noticed an orc high priest
   659 | D        | Noticed an orc sorcerer
   671 | D        | Noticed a sun demon
   671 | D        | Killed an elephant
   675 | D        | Noticed a red devil
   677 | D        | Noticed a sun demon
   692 | D        | Killed an orc sorcerer
   693 | D        | Reached XP level 9. HP: 38/93 MP: 8/8
   701 | D        | HP: 4/93 [orc high priest/divine providence (14)]
   711 | D        | Noticed an orange demon
   721 | D        | Noticed an ice devil
   731 | D        | Received a gift from Trog
   732 | D        | Noticed a red devil
   742 | D        | HP: 2/93 [red devil/+0 trident[an orc high priest] (5)]
   761 | D        | Killed an orc high priest
   913 | D        | Noticed an orc high priest
   921 | D        | Noticed a sixfirhy
   930 | D        | Killed an orc high priest
   930 | D        | Received a gift from Trog
   931 | D        | Reached skill level 15 in Long Blades
   934 | D        | Reached XP level 10. HP: 75/103 MP: 9/9
  1304 | D        | Noticed a sea snake
  1304 | D        | Noticed a deep elf pyromancer
  1308 | D        | Identified the +0 scimitar of Severance {flame, +Blink
                  | rElec rPois rC-} (Trog gifted it to you in the Dungeon)
  1308 | D        | Received a gift from Trog
  1315 | D        | Killed a sea snake
  1316 | D        | Reached skill level 15 in Fighting
  1316 | D        | Reached skill level 1 in Short Blades
  1319 | D        | HP: 3/157 [poisoned by a sea snake]
  1320 | D        | HP: 1/157 [poisoned by a sea snake]
  1320 | D        | Slain by a yak

Illustrated notes

Levels and vault maps discovered:
D:        pitsprint [storerooms_1, entrance_room_1, metal_vault_1, armoury_2,
          mini_pit_1, grid_room_1, main_hall_1, silver_pit, the_coven_2,
          the_vestibule_1, steel_vault_5, golden_pit, hallway_of_sentries,
          crystal_vault_1, iron_vault_2, final_vault]

Skill      XL: |  1  2  3  4  5  6  7  8  9 10 |
---------------+-------------------------------+-----
Fighting       | 6 8 10 12 13 14 15 | 15.0
Long Blades    | 3 5 7 8 11 14 15 | 15.5
Armour         | 6 8 9 10 11 12 14 | 14.8
Shields        | 6 7 9 10 11 13 14 | 14.7
Dodging        | 1 2 |  2.7
Short Blades   | 1 |  1.2

Action                     |  1- 3 |  4- 6 |  7- 9 | 10-12 || total
---------------------------+-------+-------+-------+-------++-------
  Melee: Long sword        |     7 |    38 |    26 |       ||    71
         Headbutt          |       |     6 |    28 |     6 ||    40
         Scimitar          |       |       |   111 |     7 ||   118
         Quick blade       |       |       |       |    22 ||    22
 Invoke: Berserk           |       |     1 |     5 |     1 ||     7
         Trog's Hand       |       |       |     1 |       ||     1
         Brothers in Arms  |       |       |     1 |       ||     1
    Use: Potion            |       |       |     6 |       ||     6
 Armour: Scale mail        |     4 |    14 |       |       ||    18
         Plate armour      |       |    13 |   121 |    23 ||   157
  Dodge: Dodged            |     5 |     9 |    33 |     6 ||    53
  Block: Buckler           |       |    12 |    11 |       ||    23
         Kite shield       |       |       |    81 |     6 ||    87
